 Dungeon Crawl Stone Soup version 0.28-a0-1506-g3893175d92 (webtiles) character file.

Game seed: 16260787168626768652

23973 HallandMoats the Warmonger (level 12, -36/100 HPs)
             Began as a Demonspawn Fighter on Jan 14, 2022.
             Was a High Priest of Okawaru.
             Annihilated by Rupert (40 damage)
             ... on level 12 of the Dungeon.
             The game lasted 00:28:52 (17636 turns).

HallandMoats the Warmonger (Demonspawn Fighter)    Turns: 17636, Time: 00:28:55

Health: -36/100    AC: 16    Str: 25    XL:     12   Next: 76%
Magic:  0/21       EV: 16    Int:  9    God:    Okawaru [*****.]
Gold:   686        SH:  6    Dex: 19    Spells: 11/11 levels left

rFire   . . .      SeeInvis .   a - +0 war axe (flame)
rCold   . . .      Faith    .   c - +0 buckler
rNeg    . . .      Spirit   +   B - +0 chain mail of Lust {rPois Will+ Str+3}
rPois   +          Reflect  .   h - +0 hat
rElec   .          Harm     .   s - +2 cloak
rCorr   .          Rampage  .   t - +0 pair of gloves
Will    +....                   C - +0 pair of boots
Stlth   ..........              y - amulet of magic regeneration
HPRegen 0.26/turn               f - +4 ring of slaying
MPRegen 0.74/turn               E - +6 ring of dexterity

@: about to teleport, repel missiles
A: repulsion field 3, powered by death 1, augmentation 1, magic shield, magic
regeneration, demonic touch 2
a: Renounce Religion, Heroism, Finesse, Duel


You were on level 12 of the Dungeon.
You worshipped Okawaru.
Okawaru was extremely pleased with you.
You visited 2 branches of the dungeon, and saw 14 of its levels.
You also visited: Gauntlet.

You collected 816 gold pieces.
You spent 130 gold pieces at shops.

Inventory:

Hand Weapons
 a - a +0 war axe of flaming (weapon)
 b - a +2 hunting sling of freezing
 i - a +0 broad axe of venom
Missiles
 n - 43 sling bullets
 w - 259 stones (quivered)
 F - a throwing net
Armour
 c - a +0 buckler (worn)
 h - a +0 hat (worn)
 s - a +2 cloak (worn)
 t - a +0 pair of gloves (worn)
 A - a +0 troll leather armour
 B - the +0 chain mail of Lust (worn) {rPois Will+ Str+3}
   (You found it on level 12 of the Dungeon)

   Str:       It affects your strength (+3).
   rPois:     It protects you from poison.
   Will:      It increases your willpower.
 C - a +0 pair of boots (worn)
Jewellery
 f - a +4 ring of slaying (left hand)
 r - the ring "Malut" {Fly rElec Int+2}
   (You found it in a Gauntlet)

   [ring of flight]

   Int:       It affects your intelligence (+2).
   rElec:     It insulates you from electricity.
   Fly:       It grants you flight.
 y - an amulet of magic regeneration (around neck)
 z - a ring of resist corrosion
 E - a +6 ring of dexterity (right hand)
Wands
 m - a wand of polymorph (4)
 q - a wand of digging (11)
 H - a wand of acid (14)
 I - a wand of iceblast (5)
Scrolls
 e - a scroll of fear
 j - a scroll of identify
 k - 2 scrolls of enchant armour
 l - 4 scrolls of enchant weapon
 u - a scroll of teleportation
 x - 3 scrolls of amnesia
Potions
 d - a potion of might
 g - a potion of brilliance
 o - 3 potions of mutation
 p - 2 potions of magic
 v - 4 potions of cancellation
 G - a potion of haste


   Skills:
 - Level 11.4 Fighting
 - Level 10.3 Axes
 * Level 0.8 Slings
 + Level 7.5 Armour
 + Level 7.0 Dodging
 - Level 5.2 Shields
 + Level 12.7 Invocations


You had 11 spell levels left.
You didn't know any spells.
Your spell library contained the following spells:

 Spells                   Type           Power      Damage    Failure   Level
 Magic Dart               Conj           0%         1d3       96%         1
 Pain                     Necr           0%         1d4       96%         1
 Slow                     Hex            0%         N/A       96%         1
 Corpse Rot               Necr/Air       0%         N/A       99%         2
 Ensorcelled Hibernation  Hex/Ice        0%         N/A       99%         2
 Static Discharge         Conj/Air       0%         N/A       99%         2
 Confusing Touch          Hex            0%         N/A       100%        3
 Frozen Ramparts          Ice            0%         1d2       100%        3
 Mephitic Cloud           Conj/Pois/Air  0%         N/A       100%        3
 Spider Form              Tmut/Pois      0%         N/A       100%        3
 Vampiric Draining        Necr           0%         2d6       100%        3
 Anguish                  Hex/Necr       0%         N/A       100%        4
 Ice Form                 Ice/Tmut       0%         N/A       100%        4
 Sticky Flame             Conj/Fire      0%         2d3       100%        4
 Irradiate                Conj/Tmut      0%         3d13      100%        5
 Lightning Bolt           Conj/Air       0%         1d11      100%        5
 Maxwell's Capacitive Co  Air            0%         ∞         100%        8
 Animate Skeleton         Necr           Unusable   N/A       N/A         1
 Call Imp                 Summ           Unusable   N/A       N/A         2
 Summon Ice Beast         Ice/Summ       Unusable   N/A       N/A         4

Dungeon Overview and Level Annotations

Branches:
Dungeon (13/15)            Temple (1/1) D:5            Lair (0/6) D:10
    Orc (0/2) D:11        Gauntlet (visited)
 Vaults: D:13-14

Altars:
Ashenzari
Cheibriados
Dithmenos
Elyvilon
Fedhas
Gozag
Hepliaklqana
Kikubaaqudgha
Makhleb
Nemelex Xobeh
Okawaru
Qazlal
Ru
Sif Muna
Trog
Uskayaw
Vehumet
Wu Jian
Xom
Yredelemnul
Zin
The Shining One
Jiyva

Shops:
D:4 *

Annotations:
D:12 Rupert


Innate Abilities, Weirdness & Mutations

You are surrounded by a strong repulsion field. (EV +4, RMsl)
You regenerate a little health from kills.
Your magical and physical power is slightly enhanced at high health.
When hurt, damage is shared between your health and your magic reserves.
You regenerate magic rapidly.
Your touch may inflict irresistible damage on your foes.


Message History

HP restored.
The centaur warrior unwields a +0 shortbow.
You block the centaur warrior's attack. x2
Rupert hits you with a +4 triple sword of electrocution!!
You are electrocuted!!
You climb upwards.
There is a stone staircase leading down here.
The centaur wields a +0 shortbow.
The centaur shoots an arrow.
You block the arrow.
The centaur warrior wields a +0 shortbow.
The centaur warrior shoots an arrow.
The arrow closely misses you.
Rupert roars madly and goes into a rage!
Rupert goes berserk!
The centaur shoots an arrow.
You block the arrow.
Rupert rages.
The centaur warrior shoots an arrow.
You block the arrow.
The centaur shoots an arrow.
The arrow misses you.
The centaur warrior shoots an arrow.
The arrow closely misses you.
Rupert hits you with a +4 triple sword of electrocution!
The centaur warrior shoots an arrow.
You block the arrow.
The centaur shoots an arrow.
The arrow closely misses you.
The centaur warrior shoots an arrow.
The arrow hits you.
Rupert hits you with a +4 triple sword of electrocution!!
The centaur shoots an arrow.
The arrow misses you. You block Rupert's attack.
As you read the scroll of fear, it crumbles to dust.
You assume a fearsome visage.
The centaur looks frightened!
The centaur warrior looks frightened!
Rupert is unaffected.
Rupert hits you with a +4 triple sword of electrocution.
Rupert hits you with a +4 triple sword of electrocution!
* * * LOW HITPOINT WARNING * * *
As you read the scroll of teleportation, it crumbles to dust.
You feel strangely unstable.
Rupert hits you with a +4 triple sword of electrocution!!
* * * LOW HITPOINT WARNING * * *
You feel much better.
Rupert hits you with a +4 triple sword of electrocution!!
* * * LOW HITPOINT WARNING * * *
You are electrocuted!!
* * * LOW HITPOINT WARNING * * *
Rupert hits you with a +4 triple sword of electrocution!!!
You die...

#...##........##...#......#
#..##....##....##..#......#
#..##....##....##..#...>..#
#...##....##..##...#......#
#...##.)(.##..##....c.....#
.....##....####.....####.##
.#...##....####....## #..#
.##...##....##..@### #.##
+##...##....##..@## ###'##
...........####...# #...<#
.....(.....####...###....#
..........##..##...##....#
(.........##..##...##....#
...##....##....##...[....#
...##....##....##..##..<.#
....##........##...##....#
....##........##.........#


You could see Rupert (berserk).

Vanquished Creatures
  A minotaur (Gauntlet)
  2 centaur warriors (D:12)
  A boulder beetle (D:12)
  3 hydras
  3 two-headed ogres
  A hell beast (Gauntlet)
  A tengu warrior (Gauntlet)
  The ghost of voltaire321 the Skirmisher, a novice MiFi of Makhleb (D:8)
  A deep elf archer (D:12)
  A deep elf pyromancer (D:12)
  A manticore (D:12)
  2 ugly things (D:12)
  2 cyclopes (D:12)
  2 gargoyles
  2 kobold demonologists
  A komodo dragon (D:12)
  An unseen horror (D:11)
  An efreet (D:12)
  2 tengu conjurers (Gauntlet)
  6 trolls
  A hornet (D:8)
  5 slime creatures (D:9)
  2 wraiths
  12 yaks
  3 wyverns (D:10)
  A vampire (D:12)
  A basilisk (D:10)
  Edmund (D:6)
  4 vampire mosquitoes (D:9)
  4 water moccasins
  A hell hound (Gauntlet)
  6 orc warriors
  2 sky beasts
  5 black bears
  3 ice beasts
  2 necrophages
  An ogre (D:4)
  6 centaurs
  2 phantoms
  A kobold brigand (D:9)
  A water moccasin skeleton (D:5)
  3 killer bees (D:8)
  9 electric eels
  A howler monkey (D:9)
  8 wights
  2 bullfrog zombies (D:5)
  A lava snake (D:11)
  A crimson imp (D:9)
  A centaur skeleton (D:5)
  3 hounds
  4 centaur zombies
  A jelly (D:5)
  8 orc priests
  A bullfrog skeleton (D:7)
  4 iguanas
  A scorpion zombie (D:5)
  9 orc wizards
  A killer bee zombie (D:7)
  A hound skeleton (D:5)
  2 howler monkey zombies (D:9)
  3 gnolls (D:2)
  8 adders
  2 shadow imps (D:7)
  A white imp (D:7)
  2 ufetubi
  An adder skeleton (D:4)
  4 worms
  A dart slug (D:3)
  41 orcs
  12 endoplasms
  6 giant cockroaches
  11 goblins
  7 hobgoblins
  9 jackals
  2 quokkas (D:1)
  4 ball pythons
  3 bats (D:1)
  3 frilled lizards (D:3)
  18 kobolds
  3 rats (D:1)
301 creatures vanquished.

Vanquished Creatures (others)
  3 bushes (D:10)
  22 plants
25 creatures vanquished.

Grand Total: 326 creatures vanquished

Notes
Turn   | Place    | Note
-------+----------+-------------------------------------------
     0 | D:1      | HallandMoats the Demonspawn Fighter began the quest for the
                  | Orb.
     0 | D:1      | Reached XP level 1. HP: 18/18 MP: 1/1
   190 | D:1      | Gained mutation: You regenerate magic rapidly. [demonic
                  | ancestry]
   190 | D:1      | Reached XP level 2. HP: 24/24 MP: 2/2
   741 | D:1      | Gained mutation: Your touch may inflict minor irresistible
                  | damage on your foes. [demonic ancestry]
   741 | D:1      | Reached XP level 3. HP: 27/29 MP: 3/3
  1060 | D:1      | Found a faded altar of an unknown god.
  1548 | D:2      | Reached skill level 1 in Dodging
  1687 | D:2      | Gained mutation: You are surrounded by a mild repulsion
                  | field. (EV +2) [demonic ancestry]
  1687 | D:2      | Reached XP level 4. HP: 27/35 MP: 4/4
  2426 | D:3      | Found a sparkling altar of Nemelex Xobeh.
  2426 | D:3      | Found a hide-covered altar of Uskayaw.
  2719 | D:3      | Reached XP level 5. HP: 42/42 MP: 5/5
  3279 | D:4      | Found Relekum's Assorted Antiques.
  3284 | D:4      | Bought a dented bone amulet for 130 gold pieces
  3327 | D:4      | Noticed an ogre
  3330 | D:4      | Killed an ogre
  3558 | D:4      | Noticed a water moccasin
  3575 | D:4      | Killed a water moccasin
  3576 | D:4      | Reached XP level 6. HP: 47/49 MP: 6/6
  3594 | D:4      | Found a shimmering blue altar of Sif Muna.
  4108 | D:5      | Entered Level 5 of the Dungeon
  4182 | D:5      | Noticed an ice beast
  4213 | D:5      | Gained mutation: You regenerate a little health from kills.
                  | [demonic ancestry]
  4213 | D:5      | Reached XP level 7. HP: 53/55 MP: 7/7
  4225 | D:5      | Reached skill level 5 in Fighting
  4299 | D:5      | Found a shimmering altar of Xom.
  4299 | D:5      | Found a shimmering altar of Xom.
  4299 | D:5      | Found a shimmering altar of Xom.
  4299 | D:5      | Found a shimmering altar of Xom.
  4300 | D:5      | Found a shimmering altar of Xom.
  4592 | D:5      | Reached skill level 5 in Shields
  4614 | D:5      | Gained mutation: You are surrounded by a moderate repulsion
                  | field. (EV +3) [demonic ancestry]
  4614 | D:5      | Reached XP level 8. HP: 50/63 MP: 8/8
  5072 | D:5      | Found a staircase to the Ecumenical Temple.
  5078 | Temple   | Entered the Ecumenical Temple
  5207 | Temple   | Became a worshipper of Warmaster Okawaru
  5835 | D:5      | Reached skill level 5 in Axes
  5835 | D:5      | Reached skill level 1 in Invocations
  6556 | D:5      | Reached skill level 2 in Invocations
  6985 | D:6      | Noticed Edmund
  7000 | D:6      | Killed Edmund
  7001 | D:6      | Reached skill level 3 in Invocations
  7246 | D:6      | You fall into a shaft and drop 1 floor!
  7277 | D:7      | Identified the +2 robe "Waegieff" {Str+2 Int+6}
  7361 | D:6      | Reached * piety under Okawaru
  7451 | D:6      | Found a hazy altar of Hepliaklqana.
  7472 | D:6      | Reached skill level 4 in Invocations
  7472 | D:6      | Gained mutation: Your touch may inflict irresistible damage
                  | on your foes. [demonic ancestry]
  7472 | D:6      | Reached XP level 9. HP: 58/71 MP: 10/12
  7598 | D:6      | Found an opulent altar of Gozag.
  8536 | D:7      | Reached skill level 5 in Invocations
  8611 | D:7      | Reached ** piety under Okawaru
  9142 | D:8      | Paralysed by a hornet for 3 turns
  9146 | D:8      | Paralysed by a hornet for 2 turns
  9148 | D:8      | HP: 3/72 [hornet (8)]
  9456 | D:8      | Reached skill level 5 in Armour
  9530 | D:8      | Reached skill level 6 in Invocations
  9661 | D:8      | Found a runed translucent door.
  9661 | D:8      | Noticed voltaire321's ghost (novice MiFi)
 10354 | D:9      | Noticed a troll
 10360 | D:9      | Killed a troll
 10361 | D:9      | Gained mutation: Your magical and physical power is
                  | slightly enhanced at high health. [demonic ancestry]
 10361 | D:9      | Reached XP level 10. HP: 64/80 MP: 13/15
 10468 | D:9      | Reached *** piety under Okawaru
 10469 | D:9      | Reached skill level 7 in Invocations
 11548 | D:9      | Reached skill level 8 in Invocations
 11555 | D:9      | Reached **** piety under Okawaru
 11724 | D:9      | Reached skill level 5 in Dodging
 12080 | D:9      | Found a radiant altar of Vehumet.
 12081 | D:9      | Found a burning altar of Makhleb.
 12444 | D:10     | Entered Level 10 of the Dungeon
 12444 | D:10     | Noticed a two-headed ogre
 12451 | D:10     | Killed a two-headed ogre
 12452 | D:10     | Reached skill level 9 in Invocations
 12686 | D:10     | Gained mutation: When hurt, damage is shared between your
                  | health and your magic reserves. [demonic ancestry]
 12686 | D:10     | Reached XP level 11. HP: 73/89 MP: 17/17
 12688 | D:10     | Reached ***** piety under Okawaru
 12725 | D:10     | Found a staircase to the Lair.
 13178 | D:10     | Noticed a two-headed ogre
 13189 | D:10     | Killed a two-headed ogre
 13317 | D:11     | Reached skill level 10 in Invocations
 13357 | D:11     | Received a gift from Okawaru
 13377 | D:11     | Found a gate leading to a gauntlet.
 13386 | Gauntlet | Entered a Gauntlet
 13386 | Gauntlet | Found a transporter.
 13386 | Gauntlet | Found a transporter.
 13391 | Gauntlet | Found a transporter.
 13406 | Gauntlet | Found a transporter.
 13408 | Gauntlet | Noticed a glowing orange brain
 13408 | Gauntlet | Noticed a purple ugly thing
 13408 | Gauntlet | Noticed a brown ugly thing
 13411 | Gauntlet | Noticed a glowing orange brain
 13422 | Gauntlet | Found a transporter.
 13435 | Gauntlet | Found a transporter.
 13447 | Gauntlet | Noticed a green death
 13512 | Gauntlet | Noticed a tengu warrior
 13526 | Gauntlet | Found a transporter.
 13535 | Gauntlet | Found a transporter.
 13543 | Gauntlet | Noticed a hell beast
 13549 | Gauntlet | Found a transporter.
 13562 | Gauntlet | Found a transporter.
 13574 | Gauntlet | Noticed a hell beast
 13581 | Gauntlet | Found a transporter.
 13648 | Gauntlet | Found a transporter.
 13657 | Gauntlet | Noticed a wolf spider
 13657 | Gauntlet | Noticed an entropy weaver
 13658 | Gauntlet | Found a transporter.
 13668 | Gauntlet | Found a transporter.
 13692 | Gauntlet | Found a transporter.
 13702 | Gauntlet | Found a transporter.
 13823 | Gauntlet | Killed a tengu warrior
 13873 | Gauntlet | Identified the ring "Malut" {Fly rElec Int+2}
 13897 | Gauntlet | Killed a hell beast
 13898 | Gauntlet | Reached skill level 10 in Fighting
 13909 | Gauntlet | Identified the +1 cloak "Zonamoniat" {rElec Will- Int+7
                  | Dex-5}
 14160 | Gauntlet | Identified the +7 rapier "Konoef" {speed, rElec Will+
                  | Stlth+}
 14160 | Gauntlet | Identified the +3 shortbow "Hydraslayer" {flame, rC+}
 14160 | Gauntlet | Noticed a minotaur
 14173 | Gauntlet | Killed a minotaur
 14393 | D:11     | Noticed an eight-headed hydra
 14399 | D:11     | Killed an eight-headed hydra
 14653 | D:11     | Reached skill level 11 in Invocations
 14742 | D:11     | Received a gift from Okawaru
 14941 | D:11     | Found a staircase to the Orcish Mines.
 15210 | D:11     | Gained mutation: You are surrounded by a strong repulsion
                  | field. (EV +4, RMsl) [demonic ancestry]
 15210 | D:11     | Reached XP level 12. HP: 84/98 MP: 17/20
 15392 | D:11     | Found a hide-covered altar of Uskayaw.
 15619 | D:12     | Noticed a six-headed hydra
 15628 | D:12     | Killed a seven-headed hydra
 15724 | D:12     | Noticed a two-headed ogre
 15774 | D:12     | Killed a two-headed ogre
 15884 | D:12     | Noticed a centaur warrior
 15887 | D:12     | Killed a centaur warrior
 15887 | D:12     | Received a gift from Okawaru
 15893 | D:12     | Noticed a boulder beetle
 16006 | D:12     | Reached skill level 12 in Invocations
 16065 | D:12     | Noticed a centaur warrior
 16077 | D:12     | Killed a centaur warrior
 16097 | D:12     | Killed a boulder beetle
 16098 | D:12     | Reached skill level 10 in Axes
 16343 | D:12     | Noticed a seven-headed hydra
 16353 | D:12     | Killed a four-headed hydra
 16883 | D:12     | Identified the +0 chain mail of Lust {rPois Will+ Str+3}
 16929 | D:12     | Reached ****** piety under Okawaru
 17018 | D:13     | Got Sif Muna's Compendium of Evil Combat Magic
 17037 | D:13     | Noticed a centaur warrior
 17468 | D:8      | Killed voltaire321's ghost
 17566 | D:13     | Noticed Rupert
 17566 | D:13     | Noticed a centaur warrior
 17622 | D:13     | Paralysed by Rupert for 2 turns
 17636 | D:12     | HP: 4/100 [Rupert (17)]
 17636 | D:12     | Annihilated by Rupert

Illustrated notes

Levels and vault maps discovered:
D:1:      arrival_zaba_pyramid, layout_basic, basic_ecumenical_altar,
          minmay_pentomino_w4
D:2:      layout_loops_ring
D:3:      layout_loops_corners, gammafunk_temple_overflow_elements
D:4:      layout_loops_cross, led_sif_book, serial_shops, shop
D:5:      cheibrodos_two_vegetables, layout_basic, xom_redecorated,
          minmay_temple_entry_fiery, corexii_item_surrounded_by_moat,
          wad_rectangle_vault
D:6:      black_bear_nest_1, layout_loops_ring, nicolae_gozag_seed_capital,
          lemuel_tele_altar, grunt_decor_fettered, uniq_edmund
D:7:      layout_basic
D:8:      layout_loops_ring, hellmonk_ghost_happy_afterlife
D:9:      layout_cave_pods, grunt_temple_overflow_lords_of_destruction,
          good_gods_temple_1
D:10:     layout_roguey, minmay_lair_entry_grove
D:11:     layout_basic, erik_orc_2, gauntlet_entry_generic,
          nicolae_uskayaw_suspiria
D:12:     layout_roguey, nicolae_two_hexagons, minmay_pinched_square
D:13:     dreamdust_isle_of_ice, layout_cave_pools,
          grunt_vaults_entry_fortified, serial_rivers,
          chequers_serial_rivers_micro_e, chequers_serial_rivers_micro_a,
          chequers_serial_rivers_micro_b, chequers_serial_rivers_small_b,
          minivault_16, uniq_urug, uniq_rupert
Temple:   pf_slime_end_temple

Skill      XL: |  1  2  3  4  5  6  7  8  9 10 11 12 |
---------------+-------------------------------------+-----
Axes           | 2 3 4 5 6 8 9 10 | 10.3
Shields        | 3 4 5 |  5.2
Dodging        | 1 2 3 4 5 6 7 |  7.0
Armour         | 3 4 5 6 7 |  7.5
Fighting       | 4 5 6 7 9 10 11 | 11.4
Invocations    | 4 6 9 11 12 | 12.7
Slings         | |  0.8

Action                   |  1- 3 |  4- 6 |  7- 9 | 10-12 || total
-------------------------+-------+-------+-------+-------++-------
Melee: War axe           |    76 |     7 |    34 |   292 ||   409
 Fire: Hunting sling     |    33 |   104 |   298 |   274 ||   709
Invok: Heroism           |       |       |     1 |     6 ||     7
       Finesse           |       |       |       |     1 ||     1
  Use: Scroll            |       |     4 |     4 |    21 ||    29
       Potion            |       |       |     5 |     9 ||    14
Armor: Scale mail        |    38 |    21 |    86 |    86 ||   231
       Troll leather arm |       |       |       |    46 ||    46
       Chain mail        |       |       |       |     5 ||     5
Dodge: Dodged            |    35 |    33 |   158 |   410 ||   636
       Repelled          |       |       |       |     2 ||     2
Block: Buckler           |    17 |    22 |    57 |   158 ||   254

Table legend: (Time is in decaauts)
 A = Elapsed time spent in this place.
 B = Non-inter-level travel time spent in this place.
 C = Inter-level travel time spent in this place.
 D = Time resting spent in this place.
 E = Time spent auto-exploring this place.
 F = Levels seen in this place.
 G = Mean time per level.
                   A        B        C        D        E       F      G
               +--------+--------+--------+--------+--------+-----+--------+
         Total |  17858 |  17102 |    756 |   2850 |  11335 |  15 | 1190.5 |
       Dungeon |  16931 |  16192 |    739 |   2678 |  10922 |  13 | 1302.4 |
        Temple |    146 |    129 |     17 |      0 |    108 |   1 |  146.0 |
      Gauntlet |    780 |    780 |      0 |    172 |    305 |   1 |  780.0 |
               +--------+--------+--------+--------+--------+-----+--------+

Top non-repeatable levels by time:
     D:5: 2737 daAuts
     D:9: 1876 daAuts
    D:12: 1835 daAuts
     D:8: 1643 daAuts
    D:11: 1507 daAuts
     D:6: 1288 daAuts
     D:1: 1252 daAuts
     D:3: 1014 daAuts
     D:4: 955 daAuts
     D:2: 944 daAuts
    D:10: 905 daAuts
     D:7: 903 daAuts
Gauntlet: 780 daAuts
  Temple: 146 daAuts
    D:13: 66 daAuts
